 Seeded DCSS version 0.30-a0-830-gfe289a77b0 (webtiles) character file.

Game seed: 10962520627805071627 (custom seed)

3 demibob the Trooper (level 1, 19/19 HPs)
             Began as a Hill Orc Fighter on Feb 28, 2023.
             Quit the game on level 1 of the Dungeon.
             The game lasted 00:00:37 (49 turns).

demibob the Trooper (Hill Orc Fighter)                Turns: 49, Time: 00:00:37

Health: 19/19      AC: 25    Str: 18    XL:     1   Next: 50%
Magic:  1/1        EV:  1    Int: 11    God:
Gold:   0          SH:  4    Dex: 10    Spells: 0/0 levels left

rFire   . . .      SeeInvis .    a - +0 long sword
rCold   + . .      Faith    .    c - +0 buckler
rNeg    . . .      Spirit   .    f - +8 orange crystal plate armour {Archmagi, Int+3 Clar}
rPois   +          Reflect  .    (no helmet)
rElec   .          Harm     .    (no cloak)
rCorr   .          Rampage  .    (no gloves)
Will    .....      Archmagi +    g - +0 pair of boots of Wibyolot {Contam rPois rC+} Stlth Clarity +
                                 (no amulet)
HPRegen 0.23/turn                (no ring)
MPRegen 0.07/turn                (no ring)

@: no status effects
A: no striking features
a: no special abilities


You were on level 1 of the Dungeon.
You visited 1 branch of the dungeon, and saw 1 of its levels.


   Skills:
 - Level 3.6 Fighting
 + Level 2.5 Long Blades
 - Level 3.2 Armour
 - Level 3.2 Shields


You couldn't memorise any spells.
You didn't know any spells.
Your spell library was empty.

Inventory:

Hand Weapons
 a - a +0 long sword (weapon)
 e - a +0 heavy double sword
Armour
 b - a +0 scale mail
 c - a +0 buckler (worn)
 f - the +8 orange crystal plate armour (worn) {Archmagi, Int+3 Clar}
   (You acquired it on level 1 of the Dungeon)

   Int:       It affects your intelligence (+3).
   Clar:      It protects you against confusion.
 g - the +0 pair of boots of Wibyolot (worn) {Contam rPois rC+}
   (You acquired it on level 1 of the Dungeon)

   rC:        It protects you from cold.
   rPois:     It protects you from poison.
   Contam:    It causes magical contamination when unequipped.
Potions
 d - a potion of might

Dungeon Overview and Level Annotations

Branches:
Dungeon (1/15)

Altars:

# ##########
#.#.@.........
#...#######...
#####..........>
..."......)......
#########.######
##########)#####
#..............#
#..............#
..####'#####..#


There were no monsters in sight!


Message History

You kill the hobgoblin!
You closely miss the kobold. The kobold hits you but does no damage.
You barely miss the kobold. The kobold closely misses you.
You miss the kobold. The kobold misses you. You block the kobold's attack.
You hit the kobold but do no damage. The kobold hits you with a +0 whip.
You hit the kobold.
You kill the kobold!
No target in view!
Found 3 scrolls labelled ENYORH ZOPN.
f - 3 scrolls labelled ENYORH ZOPN
As you read the scroll labelled TYBBAODAIQI, it crumbles to dust.
It is a scroll of identify.
Really abort (and waste the scroll)?
Okay, then.
This is a scroll of acquirement!
Something appears at your feet! Something appears at your feet!
Something appears at your feet!
e - a +0 heavy double sword
f - the +8 orange crystal plate armour {Archmagi, Int+3 Clar}
g - the +0 pair of boots of Wibyolot {Contam rPois rC+} Really wear
g - the +0 pair of boots of Wibyolot {Contam rPois rC+}?
HP restored.
You finish putting on the +0 pair of boots of Wibyolot {Contam rPois rC+}.
You feel a build-up of mutagenic energy.
You finish taking off your +0 scale mail.
You finish putting on the +8 orange crystal plate armour {Archmagi, Int+3 Clar}.
You feel strangely lacking in power.
You feel clever.
Are you sure you want to abandon this character and quit the game? (Confirm with "yes".)

Action                     || total
---------------------------++-------
  Melee: Long sword        ||    12
    Use: Scroll            ||     4
 Armour: Scale mail        ||     3
  Dodge: Dodged            ||     5
  Block: Buckler           ||     1

Levels and vault maps discovered:
D:1:      lemuel_arrival_room, layout_basic, serial_aquarium,
          aquarium_bridge_square [aquarium_subvault_bridge,
          aquarium_subvault_window, aquarium_subvault_window,
          aquarium_subvault_bridge], aquarium_window_1, aquarium_window_3,
          aquarium_window_double, aquarium_view_2f, aquarium_view_2d,
          aquarium_balcony_3b

Notes
Turn   | Place    | Note
-------+----------+-------------------------------------------
     0 | D:1      | demibob the Hill Orc Fighter began the quest for the Orb.
     0 | D:1      | Reached XP level 1. HP: 19/19 MP: 1/1
    30 | D:1      | Identified 3 scrolls of acquirement
    30 | D:1      | Acquired the +8 orange crystal plate armour {Archmagi,
                  | Int+3 Clar}
    30 | D:1      | Found the +8 orange crystal plate armour {Archmagi, Int+3
                  | Clar}
    31 | D:1      | Acquired a +0 heavy double sword
    32 | D:1      | Acquired the +0 pair of boots of Wibyolot {Contam rPois
                  | rC+}
    49 | D:1      | Quit the game

Vanquished Creatures
  A hobgoblin (D:1)
  2 kobolds (D:1)
3 creatures vanquished.

Table legend: (Time is in decaauts)
 A = Elapsed time spent in this place.
 B = Non-inter-level travel time spent in this place.
 C = Inter-level travel time spent in this place.
 D = Time resting spent in this place.
 E = Time spent auto-exploring this place.
 F = Levels seen in this place.
 G = Mean time per level.
                   A        B        C        D        E       F      G
               +--------+--------+--------+--------+--------+-----+--------+
         Total |     52 |     52 |      0 |      0 |      0 |   1 |   52.0 |
       Dungeon |     52 |     52 |      0 |      0 |      0 |   1 |   52.0 |
               +--------+--------+--------+--------+--------+-----+--------+

Top non-repeatable levels by time:
     D:1: 52 daAuts

Table legend:
 A = Non-vault XP
 B = Vault XP
 C = Vault XP percentage of total XP
 D = Non-vault monster count
 E = Vault monster count
 F = Vault count percentage of total count
                 A         B        C        D         E       F
            +---------+---------+-------+---------+---------+-------
      Total |       5 |       0 |   0.0 |       3 |       0 |   0.0
            +---------+---------+-------+---------+---------+-------
        D:1 |       5 |       0 |   0.0 |       3 |       0 |   0.0
            +---------+---------+-------+---------+---------+-------
